 Dungeon Crawl Stone Soup version 0.26.0-10-g1f06aea511 (webtiles) character file.

Game seed: 2510746886102128612

256 Dracia the Grasshopper (level 6, -2/50 HPs)
             Began as a Gnoll Warper on Jan 15, 2021.
             Killed from afar by an orc wizard (6 damage)
             ... with a magic dart
             ... on level 3 of the Dungeon.
             The game lasted 00:05:28 (2664 turns).

Dracia the Grasshopper (Gnoll Warper)               Turns: 2664, Time: 00:05:29

Health: -2/50      AC:  3    Str: 12 (15) XL:     6   Next: 16%
Magic:  4/13       EV: 14    Int: 14 (16) God:
Gold:   38         SH:  0    Dex: 13 (14) Spells: 4/15 levels left

rFire    . . .     SeeInvis .   f - +2 dagger (venom)
rCold    . . .     Faith    .   (no shield)
rNeg     . . .     Spirit   .   n - +0 leather armour (curse)
rPois    .         Reflect  .   (no helmet)
rElec    .         Harm     .   (no cloak)
rCorr    .         Rampage  .   (no gloves)
Will     .....                  (no boots)
Stlth    ++........             (no amulet)
HPRegen  0.16/turn              (no ring)
MPRegen  0.13/turn              (no ring)

@: flying
A: distributed training, fangs 1, strong nose
a: no special abilities


You were on level 3 of the Dungeon.
You visited 1 branch of the dungeon, and saw 3 of its levels.

You collected 38 gold pieces.


Innate Abilities, Weirdness & Mutations

Your experience applies equally to all skills.
You have very sharp teeth.
Your uncanny sense of smell can sniff out nearby items.


   Skills:
 + Level 4.9 Fighting
 + Level 1.8 Short Blades
 + Level 4.9 Long Blades
 + Level 1.8 Axes
 + Level 1.8 Maces & Flails
 + Level 1.8 Polearms
 + Level 1.8 Staves
 + Level 1.8 Slings
 + Level 1.8 Bows
 + Level 1.8 Crossbows
 + Level 3.1 Throwing
 + Level 3.1 Armour
 + Level 4.9 Dodging
 + Level 1.8 Stealth
 + Level 1.8 Shields
 + Level 1.8 Unarmed Combat
 + Level 5.3 Spellcasting
 + Level 1.4 Conjurations
 + Level 1.4 Hexes
 + Level 1.4 Summonings
 + Level 1.4 Necromancy
 + Level 5.6 Translocations
 + Level 1.4 Transmutations
 + Level 1.4 Fire Magic
 + Level 1.4 Ice Magic
 + Level 1.4 Air Magic
 + Level 1.4 Earth Magic
 + Level 1.4 Poison Magic
 + Level 2.0 Invocations
 + Level 1.8 Evocations


You had 4 spell levels left.
You knew the following spells:

 Your Spells              Type           Power        Failure   Level
g - Gell's Gravitas       Tloc           9%           6%          3
l - Lesser Beckoning      Tloc           9%           6%          3
t - Teleport Other        Tloc           19%          6%          3
I - Blink                 Tloc           N/A          3%          2

Your spell library contained the following spells:

 Spells                   Type           Power        Failure   Level
 Passage of Golubria      Tloc           N/A          22%         4

Inventory:

Hand Weapons
 a - a +0 falchion
 f - a +2 dagger of venom (weapon)
 h - a +2 short sword of freezing
 p - a +0 quarterstaff
Missiles
 e - 2 boomerangs of dispersal (quivered) {=f=f}
 r - 8 atropa-tipped darts
Armour
 b - a +0 leather armour
 n - a cursed +0 leather armour (worn)
Scrolls
 c - 4 scrolls of identify {unknown}
 d - a scroll of blinking
 j - a scroll of amnesia {unknown}
 l - 2 scrolls of remove curse {unknown}
 m - a scroll of teleportation {unknown}
Potions
 g - a potion of flight
 o - a potion of lignification

Dungeon Overview and Level Annotations

Branches:
Dungeon (3/15)

Altars:
Hepliaklqana
Kikubaaqudgha
Wu Jian

..##.#########
.....)))...@.#
.....#######o####
... #.^.....# #
#.##.##.#
#.##..#.#
#.###.#.# #<#
#.#.# #.###.#.#
#.......#


You could see an orc wizard (fast, very poisoned).


Message History

You hit the orc priest but do no damage.
The orc priest is almost dead.
You kill the orc priest!
You feel your intelligence returning.
Your Invocations skill increases to level 2!
Unknown command.
You hit the orc wizard. Your bite misses the orc wizard.
The orc wizard is lightly wounded.
The orc wizard hits you with a +0 dagger.
* * * LOW HITPOINT WARNING * * *
Unknown command.
You hit the orc wizard.
The orc wizard is heavily wounded.
The orc wizard misses you.
The orc wizard gestures wildly while chanting.
The orc wizard blinks!
Unknown command.
The orc wizard gestures wildly while chanting.
The orc wizard blinks!
The orc wizard hits you with a +0 dagger.
* * * LOW HITPOINT WARNING * * *
The orc wizard hits you with a +0 dagger.
* * * LOW HITPOINT WARNING * * *
You hit the orc wizard but do no damage.
The orc wizard is poisoned.
You bite the orc wizard, but do no damage.
The orc wizard is moderately wounded.
The orc wizard gestures at you while chanting.
The magic dart hits you.
You die...

Skill      XL: |  1  2  3  4  5  6 |
---------------+-------------------+-----
Spellcasting   | 5 |  5.3
Invocations    | 1 2 |  2.0
Short Blades   | 1 |  1.8
Axes           | 1 |  1.8
Maces & Flails | 1 |  1.8
Polearms       | 1 |  1.8
Staves         | 1 |  1.8
Slings         | 1 |  1.8
Bows           | 1 |  1.8
Crossbows      | 1 |  1.8
Stealth        | 1 |  1.8
Shields        | 1 |  1.8
Unarmed Combat | 1 |  1.8
Conjurations   | 1 |  1.4
Hexes          | 1 |  1.4
Summonings     | 1 |  1.4
Necromancy     | 1 |  1.4
Transmutations | 1 |  1.4
Fire Magic     | 1 |  1.4
Ice Magic      | 1 |  1.4
Air Magic      | 1 |  1.4
Earth Magic    | 1 |  1.4
Poison Magic   | 1 |  1.4
Evocations     | 1 |  1.8
Throwing       | 3 |  3.1
Armour         | 3 |  3.1
Fighting       | |  4.9
Long Blades    | |  4.9
Dodging        | |  4.9
Translocations | |  5.6

Action                   |  1- 3 |  4- 6 || total
-------------------------+-------+-------++-------
Melee: Falchion          |    93 |   101 ||   194
       Bite              |     8 |    17 ||    25
       Dagger            |       |    29 ||    29
       Punch             |       |     2 ||     2
       Quarterstaff      |       |     1 ||     1
Throw: Boomerang         |       |     3 ||     3
 Cast: Gell's Gravitas   |       |     4 ||     4
  Use: Potion            |     1 |     8 ||     9
 Stab: Sleeping          |     1 |     1 ||     2
       Distracted        |       |     1 ||     1
Armor: Leather armour    |    31 |    24 ||    55
       Skin              |       |    10 ||    10
Dodge: Dodged            |    96 |    76 ||   172
       Rpst.: Falchion   |    29 |    23 ||    52

Levels and vault maps discovered:
D:1:      eino_arrival_cavern_e, layout_basic
D:2:      layout_basic, minitemple, nzn_wu_jian_contemplation
D:3:      layout_loops_corners, nicolae_qazlal_general_emergency, minivault_5,
          kennysheep_generic_room_13

Notes
Turn   | Place    | Note
-------+----------+-------------------------------------------
     0 | D:1      | Dracia the Gnoll Warper began the quest for the Orb.
     0 | D:1      | Reached XP level 1. HP: 20/20 MP: 6/6
   223 | D:1      | Reached XP level 2. HP: 12/26 MP: 7/7
   226 | D:1      | Learned a level 2 spell: Blink
   995 | D:1      | Reached XP level 3. HP: 31/31 MP: 9/9
  1079 | D:2      | Learned a level 3 spell: Gell's Gravitas
  1083 | D:2      | Learned a level 3 spell: Lesser Beckoning
  1087 | D:2      | Learned a level 3 spell: Teleport Other
  1148 | D:2      | Reached skill level 5 in Spellcasting
  1154 | D:2      | Noticed a bullfrog
  1169 | D:2      | Reached skill level 1 in Invocations
  1169 | D:2      | Killed a bullfrog
  1170 | D:2      | Reached skill level 1 in Short Blades
  1170 | D:2      | Reached skill level 1 in Axes
  1170 | D:2      | Reached skill level 1 in Maces & Flails
  1170 | D:2      | Reached skill level 1 in Polearms
  1170 | D:2      | Reached skill level 1 in Staves
  1170 | D:2      | Reached skill level 1 in Slings
  1170 | D:2      | Reached skill level 1 in Bows
  1170 | D:2      | Reached skill level 1 in Crossbows
  1170 | D:2      | Reached skill level 1 in Stealth
  1170 | D:2      | Reached skill level 1 in Shields
  1170 | D:2      | Reached skill level 1 in Unarmed Combat
  1170 | D:2      | Reached skill level 1 in Conjurations
  1170 | D:2      | Reached skill level 1 in Hexes
  1170 | D:2      | Reached skill level 1 in Summonings
  1170 | D:2      | Reached skill level 1 in Necromancy
  1170 | D:2      | Reached skill level 1 in Transmutations
  1170 | D:2      | Reached skill level 1 in Fire Magic
  1170 | D:2      | Reached skill level 1 in Ice Magic
  1170 | D:2      | Reached skill level 1 in Air Magic
  1170 | D:2      | Reached skill level 1 in Earth Magic
  1170 | D:2      | Reached skill level 1 in Poison Magic
  1170 | D:2      | Reached skill level 1 in Evocations
  1170 | D:2      | Reached XP level 4. HP: 18/38 MP: 11/11
  1440 | D:2      | Reached XP level 5. HP: 43/43 MP: 12/12
  1592 | D:2      | Found an ornate altar of the Wu Jian Council.
  1945 | D:2      | Reached skill level 3 in Throwing
  1945 | D:2      | Reached skill level 3 in Armour
  2196 | D:2      | Found a hazy altar of Hepliaklqana.
  2200 | D:2      | Found an ancient bone altar of Kikubaaqudgha.
  2282 | D:3      | HP: 5/64 [poisoned by an orc wizard]
  2285 | D:3      | HP: 2/64 [poisoned by an orc wizard]
  2301 | D:3      | HP: 6/64 [poisoned by an orc wizard]
  2308 | D:3      | HP: 5/64 [poisoned by an orc wizard]
  2316 | D:3      | HP: 5/64 [poisoned by an orc wizard]
  2652 | D:3      | Reached XP level 6. HP: 10/50 MP: 3/13
  2658 | D:3      | Reached skill level 2 in Invocations
  2663 | D:3      | HP: 4/50 [orc wizard/+0 dagger (3)]
  2664 | D:3      | Killed from afar by an orc wizard

Vanquished Creatures
  A bullfrog (D:2)
  An orc priest (D:3)
  2 orc wizards (D:3)
  4 adders (D:2)
  A worm (D:2)
  2 dart slugs (D:2)
  A leopard gecko (D:2)
  6 orcs (D:3)
  3 bats (D:1)
  2 giant cockroaches (D:2)
  10 goblins
  5 hobgoblins
  5 jackals (D:1)
  5 frilled lizards
  2 kobolds (D:2)
  6 rats
56 creatures vanquished.

Table legend: (Time is in decaauts)
 A = Elapsed time spent in this place.
 B = Non-inter-level travel time spent in this place.
 C = Inter-level travel time spent in this place.
 D = Time resting spent in this place.
 E = Time spent auto-exploring this place.
 F = Levels seen in this place.
 G = Mean time per level.
                   A        B        C        D        E       F      G
               +--------+--------+--------+--------+--------+-----+--------+
         Total |   2679 |   2633 |     46 |    718 |   1429 |   3 |  893.0 |
       Dungeon |   2679 |   2633 |     46 |    718 |   1429 |   3 |  893.0 |
               +--------+--------+--------+--------+--------+-----+--------+

Top non-repeatable levels by time:
     D:2: 1170 daAuts
     D:1: 1080 daAuts
     D:3: 429 daAuts

Table legend:
 A = Non-vault XP
 B = Vault XP
 C = Vault XP percentage of total XP
 D = Non-vault monster count
 E = Vault monster count
 F = Vault count percentage of total count
                 A         B        C        D         E       F
            +---------+---------+-------+---------+---------+-------
      Total |     367 |       0 |   0.0 |      56 |       0 |   0.0
            +---------+---------+-------+---------+---------+-------
        D:1 |      34 |       0 |   0.0 |      20 |       0 |   0.0
        D:2 |     191 |       0 |   0.0 |      27 |       0 |   0.0
        D:3 |     142 |       0 |   0.0 |       9 |       0 |   0.0
            +---------+---------+-------+---------+---------+-------
